 Dungeon Crawl Stone Soup version 0.29.0-4-gdea44cf6ec (webtiles) character file.

Game seed: 252146574672539656

61 qw the Chopper (level 4, -11/36 HPs)
             Began as a Barachi Chaos Knight on Sept 4, 2022.
             Mangled by a sun demon (14 damage)
             ... summoned by Xom
             ... on level 2 of the Dungeon.
             The game lasted 00:00:49 (1592 turns).

qw the Chopper (Barachi Chaos Knight)               Turns: 1592, Time: 00:00:50

Health: -11/36     AC:  6    Str: 13 (14) XL:     4   Next: 7%
Magic:  4/4        EV: 10    Int: 11      God:
Gold:   108        SH:  0    Dex: 15 (16) Spells: 3/3 levels left

rFire   . . .      SeeInvis .   Y - +0 hand axe (chaos)
rCold   . . .      Faith    .   (no shield)
rNeg    . . .      Spirit   .   f - +0 ring mail
rPois   .          Reflect  .   (no helmet)
rElec   .          Harm     .   (no cloak)
rCorr   .          Rampage  .   (no gloves)
Will    .....                   i - +0 pair of boots
Stlth   +.........              (no amulet)
HPRegen 0.12/turn               (no ring)
MPRegen 0.09/turn               (no ring)

@: slowed, very slow
A: amphibious, slowness 1, strong legs 1, +LOS, agile 1, screaming 1
a: Hop


You were on level 2 of the Dungeon.
You visited 1 branch of the dungeon, and saw 2 of its levels.

You collected 108 gold pieces.


Innate Abilities, Weirdness & Mutations

You are amphibious.
You cover ground slowly.
You can hop short distances.
You have an extended range of vision and can be seen from far away.
You are agile. (Dex +4, Str/Int -1)
You occasionally shout uncontrollably at your foes.


   Skills:
 - Level 3.6 Fighting
 + Level 5.3 Axes
 - Level 2.4 Armour
 - Level 1.1 Dodging


You had 3 spell levels left.
You didn't know any spells.
Your spell library was empty.

Inventory:

Hand Weapons
 d - a +0 club
 Y - a +0 hand axe of chaos (weapon)
Armour
 f - a +0 ring mail (worn)
 i - a +0 pair of boots (worn)
Jewellery
 g - a ring of ice
Scrolls
 k - a scroll of identify
Potions
 a - a potion of haste {unknown}
 j - a potion of curing
Miscellaneous
 c - a piece from Xom's chessboard (15/15)

Dungeon Overview and Level Annotations

Branches:
Dungeon (2/15)

Altars:


Message History

The quasit claws you but does no damage.
You barely miss the quasit. The quasit bites you.
The quasit barely misses you. x2
The quasit bites you but does no damage.
The quasit closely misses you.
The quasit claws you but does no damage.
You miss the quasit. The quasit misses you. The quasit barely misses you.
The quasit claws you. The quasit closely misses you. x2
The quasit claws you but does no damage. "Fight to survive, mortal."
You closely miss the quasit. You closely miss the ufetubus.
You hit the ufetubus. You hit the crimson imp. You hit the iron imp.
The iron imp is poisoned.
The quasit bites you but does no damage.
The quasit claws you but does no damage. x2
The quasit bites you but does no damage.
The quasit barely misses you. The quasit misses you.
You closely miss the crimson imp.
The crimson imp is moderately wounded.
You hit the ufetubus but do no damage.
The ufetubus seems to slow down.
You hit the ufetubus.
The ufetubus convulses.
You hit the iron imp.
The iron imp convulses.
You hit the quasit but do no damage. The quasit bites you.
The quasit claws you but does no damage.
The quasit claws you.
You feel clumsy.
The ufetubus hits you but does no damage.
The ufetubus hits you. The crimson imp hits you. The ufetubus hits you.
The ufetubus closely misses you. The iron imp hits you!
You hit the iron imp.
The iron imp convulses!
You kill the iron imp!
The iron imp disappears in a puff of smoke!
You barely miss the sun demon.
You hit the crimson imp but do no damage.
You hit the ice devil but do no damage. You barely miss the ufetubus.
The ufetubus barely misses you. x2; The crimson imp barely misses you.
The sun demon hits you!
You die...
Xom chuckles heartily!

.# .# .# .# .# .#
5# #########3#
...!..54@5#
..#######55#
##....####5.#
............#
.##.##.####..# ...
....>.####..#
....###.#..##....#
#................#
#......).........#


You could see a sun demon (summoned), an ice devil (summoned), an iron imp
(summoned), a quasit (summoned), a crimson imp (summoned) and 3 ufetubi.

Vanquished Creatures
  An adder (D:2)
  2 worms (D:2)
  2 dart slugs
  3 ball pythons
  5 endoplasms (D:1)
  2 giant cockroaches (D:1)
  5 goblins
  A hobgoblin (D:1)
  7 jackals
  4 bats (D:1)
  2 frilled lizards (D:1)
  3 kobolds
  2 rats (D:1)
39 creatures vanquished.

Notes
Turn   | Place    | Note
-------+----------+-------------------------------------------
     0 | D:1      | qw the Barachi Chaos Knight began the quest for the Orb.
     0 | D:1      | Reached XP level 1. HP: 18/18 MP: 1/1
     0 | D:1      | 0 ||| qw: Version: 0.1-a-102-g441f92d
     0 | D:1      | 0 ||| qw: Game counter: 5334
     0 | D:1      | 0 ||| qw: Always use a shield: true
     0 | D:1      | 0 ||| qw: God list: Okawaru
     0 | D:1      | 0 ||| qw: Allow faded altars: false
     0 | D:1      | 0 ||| qw: Do Orc after D:15 true
     0 | D:1      | 0 ||| qw: Do second Lair branch before Depths: true
     0 | D:1      | 0 ||| qw: Lair rune preference: random
     0 | D:1      | 0 ||| qw: Plans: Normal
     0 | D:1      | 0 ||| PLANNING D:1-11
     0 | D:1      | Fell from the grace of Xom
    30 | D:1      | 30 ||| Stepping ~*~*~tactically~*~*~ (hiding).
   132 | D:1      | 132 ||| Stepping ~*~*~tactically~*~*~ (hiding).
   134 | D:1      | 134 ||| Stepping ~*~*~tactically~*~*~ (hiding).
   177 | D:1      | Reached XP level 2. HP: 24/24 MP: 2/2
   184 | D:1      | Reached skill level 4 in Axes
   424 | D:1      | 424 ||| Stepping ~*~*~tactically~*~*~ (stealth).
   451 | D:1      | Reached XP level 3. HP: 24/29 MP: 3/3
   516 | D:1      | XOM: stat loss: -2 Str (13/15)
   598 | D:1      | 598 ||| Stepping ~*~*~tactically~*~*~ (stealth).
   604 | D:1      | 604 ||| Stepping ~*~*~tactically~*~*~ (stealth).
   607 | D:1      | XOM: chaos cloud
   608 | D:1      | 608 ||| Stepping ~*~*~tactically~*~*~ (cloud).
   613 | D:1      | 613 ||| Stepping ~*~*~tactically~*~*~ (stealth).
   623 | D:1      | 623 ||| Stepping ~*~*~tactically~*~*~ (stealth).
   671 | D:1      | 671 ||| Stepping ~*~*~tactically~*~*~ (stealth).
   672 | D:1      | 672 ||| Stepping ~*~*~tactically~*~*~ (stealth).
   922 | D:1      | 922 ||| UPGRADING to +0 ring mail.
   932 | D:1      | 932 ||| DROPPING +2 leather armour.
   933 | D:1      | 933 ||| UPGRADING to +0 pair of boots.
   938 | D:1      | 938 ||| READING scroll labelled KYBEJA BACUFU.
   939 | D:1      | 939 ||| READING 2 scrolls labelled LAF EDWOMIU.
   940 | D:1      | 940 ||| READING scroll labelled CETHEFOESE.
   941 | D:1      | 941 ||| READING scroll labelled YPEQOR ZYGASM.
   944 | D:1      | 944 ||| READING scroll labelled CEQOT XYUBRA.
   945 | D:1      | 945 ||| DRINKING 2 cyan potions.
  1003 | D:2      | 1003 ||| FLEEEEING.
  1004 | D:2      | 1004 ||| STAIRDANCE
  1051 | D:2      | Reached skill level 5 in Axes
  1091 | D:2      | 1091 ||| FLEEEEING.
  1092 | D:2      | 1092 ||| FLEEEEING.
  1093 | D:2      | 1093 ||| FLEEEEING.
  1094 | D:2      | 1094 ||| FLEEEEING.
  1096 | D:2      | 1096 ||| FLEEEEING.
  1097 | D:2      | 1097 ||| FLEEEEING.
  1155 | D:2      | 1155 ||| FLEEEEING.
  1160 | D:2      | 1160 ||| STAIRDANCE
  1278 | D:1      | 1278 ||| READING 2 scrolls of identify.
  1278 | D:1      | 1278 ||| IDENTIFYING sedimented clear potion
  1279 | D:1      | 1279 ||| DROPPING potion of brilliance.
  1356 | D:2      | Reached XP level 4. HP: 32/36 MP: 4/4
  1499 | D:2      | XOM: give mutations
  1499 | D:2      | Gained mutation: You are agile. (Dex +4, Str/Int -1) [Xom's
                  | mischief]
  1499 | D:2      | Gained mutation: You occasionally shout uncontrollably at
                  | your foes. [Xom's mischief]
  1581 | D:2      | XOM: summons 2 hostile demons
  1589 | D:2      | XOM: summons 8 hostile demons
  1590 | D:2      | Noticed an ice devil
  1590 | D:2      | Noticed a sun demon
  1591 | D:2      | HP: 2/36 [iron imp[Xom] (8)]
  1592 | D:2      | Mangled by a sun demon

Levels and vault maps discovered:
D:1:      elethiomel_arrival_shortcut, layout_basic
D:2:      layout_basic

Skill      XL: |  1  2  3 |
---------------+----------+-----
Axes           | 4 5 |  5.3
Fighting       | |  3.6
Armour         | |  2.4
Dodging        | |  1.1

Action                   |  1- 3 |  4- 6 || total
-------------------------+-------+-------++-------
Melee: Hand axe          |   109 |    19 ||   128
Invok: Renounce Religion |     1 |       ||     1
  Use: Scroll            |     6 |       ||     6
       Potion            |     1 |       ||     1
Armor: Leather armour    |    31 |       ||    31
       Ring mail         |    19 |    20 ||    39
Dodge: Dodged            |    46 |    30 ||    76

Table legend:
 A = Non-vault XP
 B = Vault XP
 C = Vault XP percentage of total XP
 D = Non-vault monster count
 E = Vault monster count
 F = Vault count percentage of total count
                 A         B        C        D         E       F
            +---------+---------+-------+---------+---------+-------
      Total |      88 |       0 |   0.0 |      39 |       0 |   0.0
            +---------+---------+-------+---------+---------+-------
        D:1 |      49 |       0 |   0.0 |      28 |       0 |   0.0
        D:2 |      39 |       0 |   0.0 |      11 |       0 |   0.0
            +---------+---------+-------+---------+---------+-------
